 Dungeon Crawl Stone Soup version 0.29-a0-876-gfc89b1a5bd (webtiles) character file.

Game seed: 5733757899525577880

59 LynnLen the Sneak (level 3, -5/20 HPs)
             Began as a Vampire Enchanter on July 19, 2022.
             Slain by Natasha (7 damage)
             ... on level 2 of the Dungeon.
             The game lasted 00:02:39 (1242 turns).

LynnLen the Sneak (Vampire Enchanter)               Turns: 1242, Time: 00:02:40

Health: -5/20      AC:  6    Str:  7    XL:     3   Next: 78%
Magic:  6/6        EV: 12    Int: 17    God:
Gold:   91         SH:  0    Dex: 16    Spells: 0/6 levels left

rFire   . . .      SeeInvis +   a - +1 dagger
rCold   + + .      Faith    .   (no shield)
rNeg    + + +      Spirit   .   b - +0 robe
rPois   ∞          Reflect  .   (no helmet)
rElec   .          Harm     .   (no cloak)
rCorr   .          Rampage  .   i - +2 pair of gloves
Will    .....                   j - +0 pair of boots
Stlth   +++++.....              (no amulet)
HPRegen 0.06/turn               (no ring)
MPRegen 0.10/turn               (no ring)

@: bloodless, slowed, very slow
A: bloodless, fangs 3, see invisible, vampiric 2
a: Bat Form, Revivify


You were on level 2 of the Dungeon.
You visited 1 branch of the dungeon, and saw 2 of its levels.

You collected 91 gold pieces.

Inventory:

Hand Weapons
 a - a +1 dagger (weapon)
Missiles
 k - 2 datura-tipped darts (quivered)
Armour
 b - a +0 robe (worn)
 i - a +2 pair of gloves (worn)
 j - a +0 pair of boots (worn)
Scrolls
 g - a scroll of noise {unknown}
 l - a scroll of fear {unknown}
 m - a scroll of poison {unknown}
Potions
 c - 2 potions of invisibility
 d - a potion of mutation
 e - a potion of curing
 f - a potion of heal wounds
 h - a potion of attraction {unknown}


   Skills:
 * Level 1.3 Fighting
 * Level 2.1 Short Blades
 + Level 2.4 Dodging
 + Level 5.8 Stealth
 - Level 2.0 Spellcasting
 - Level 4.4 Hexes


You couldn't memorise any spells.
You knew the following spells:

 Your Spells              Type           Power      Damage    Failure   Level
a - Confusing Touch       Hex            16%        N/A       10%         3
b - Tukima's Dance        Hex            16%        N/A       10%         3

Your spell library contained the following spells:

 Spells                   Type           Power      Damage    Failure   Level
 Ensorcelled Hibernation  Hex/Ice        18%        N/A       12%         2
 Apportation              Tloc           2%         N/A       19%         1
 Necrotise                Necr           4%         1d4       19%         1
 Summon Small Mammal      Summ           4%         N/A       19%         1
 Dazzling Flash           Conj/Hex       18%        N/A       24%         3
 Summon Guardian Golem    Hex/Summ       9%         N/A       24%         3
 Call Canine Familiar     Summ           1%         N/A       50%         3


Dungeon Overview and Level Annotations

Branches:
Dungeon (2/15)

Altars:
Cheibriados

Annotations:
D:2 Natasha


Innate Abilities, Weirdness & Mutations

You do not regenerate when monsters are visible.
You are frail without blood (-20% HP).
You can heal yourself when you bite living creatures.
You are immune to poison.
You have razor-sharp teeth.
You have supernaturally acute eyesight. (SInv)
You are afflicted with vampirism and can become a bat while bloodless.


Message History

You now have 77 gold pieces (gained 7).
You see here 5 stones.
You now have 91 gold pieces (gained 14).
Natasha, Servant of Life and Death comes into view.
Natasha hisses angrily.
Natasha is nearby!
Natasha is nearby!
Throw: 4 darts (datura)
Press: ? - help, Q - select action Shift-Dir - straight line, f - Natasha
Aim: Natasha (51% to hit, chance to frenzy on hit: 87%)
You throw a datura-tipped dart.
The datura-tipped dart closely misses Natasha.
Natasha stares at you and mumbles some strange words.
You feel yourself slow down.
Throw: 3 darts (datura)
Press: ? - help, Q - select action Shift-Dir - straight line, f/p - Natasha
Aim: Natasha (51% to hit, chance to frenzy on hit: 87%)
You throw a datura-tipped dart. The datura-tipped dart hits Natasha.
Natasha flies into a frenzy!
Unknown command.
Natasha claws you. x2
You hit Natasha.
Natasha is lightly wounded.
Natasha misses you. Natasha claws you.
You barely miss Natasha. Your punch misses Natasha.
Natasha is lightly wounded.
Natasha barely misses you. Natasha misses you.
You barely miss Natasha.
Natasha is lightly wounded.
Natasha claws you. Natasha barely misses you.
You closely miss Natasha.
Natasha is lightly wounded.
Natasha barely misses you. x2
You closely miss Natasha. You bite Natasha.
You draw Natasha's blood!
You feel better.
Natasha is lightly wounded.
Natasha claws you!
* * * LOW HITPOINT WARNING * * *
Natasha claws you!
You die...

#......................##.####
#.###########....####.........
#.# #...(...#......... #.#
#...(...#......... #.#
#.......'......... #.#
#.......###....### #.#
#.......# #....# #.# #h......#
#....# #.# #@#..#### #.#.##
#.# #.#..# #.#.# #.# #.#..#
#.#.# #.# #.#... ..#.# #.# #.#
#.# #.# #.# ####.# #.# #....#
#.# #.####


You could see the neutral Natasha (fast, strong, insane).

Vanquished Creatures
  Natasha (D:2)
  Terence (D:2)
  A dart slug (D:1)
  A ball python (D:1)
  A goblin (D:1)
  A hobgoblin (D:2)
  A jackal (D:1)
  A bat (D:1)
  A frilled lizard (D:2)
  3 rats
12 creatures vanquished.

Notes
Turn   | Place    | Note
-------+----------+-------------------------------------------
     0 | D:1      | LynnLen the Vampire Enchanter began the quest for the Orb.
     0 | D:1      | Reached XP level 1. HP: 13/13 MP: 3/3
   242 | D:1      | Found a faded altar of an unknown god.
   674 | D:1      | Reached XP level 2. HP: 16/16 MP: 5/5
   713 | D:2      | Noticed Terence
   718 | D:2      | Killed Terence
   719 | D:2      | Reached skill level 1 in Fighting
   719 | D:2      | Reached skill level 5 in Stealth
   719 | D:2      | Gained mutation: You are afflicted with vampirism and can
                  | become a bat while bloodless. [Vampire growth]
   719 | D:2      | Reached XP level 3. HP: 20/20 MP: 6/6
   725 | D:2      | Learned a level 3 spell: Confusing Touch
   729 | D:2      | Learned a level 3 spell: Tukima's Dance
  1082 | D:2      | Found a snail-covered altar of Cheibriados.
  1088 | D:2      | Noticed Natasha
  1094 | D:2      | Killed Natasha
  1234 | D:2      | Noticed Natasha
  1242 | D:2      | Slain by Natasha

Illustrated notes

Levels and vault maps discovered:
D:1:      dpeg_arrival_rooms_with_view, layout_loops_cross,
          shapermc_ecumenical_altar_flowoftime, nicolae_titane
D:2:      layout_basic, basic_altar, uniq_natasha, uniq_terence

Skill      XL: |  1  2  3 |
---------------+----------+-----
Fighting       | 1 |  1.3
Stealth        | 5 |  5.8
Short Blades   | 2 |  2.1
Dodging        | |  2.4
Spellcasting   | |  2.0
Hexes          | |  4.4

Action                   || total
-------------------------++-------
Melee: Dagger            ||    30
       Bite              ||     3
Throw: Dart              ||     2
 Abil: Exsanguinate      ||     1
  Use: Scroll            ||     3
 Stab: Sleeping          ||     7
Armor: Robe              ||     3
Dodge: Dodged            ||    16

Table legend: (Time is in decaauts)
 A = Elapsed time spent in this place.
 B = Non-inter-level travel time spent in this place.
 C = Inter-level travel time spent in this place.
 D = Time resting spent in this place.
 E = Time spent auto-exploring this place.
 F = Levels seen in this place.
 G = Mean time per level.
                   A        B        C        D        E       F      G
               +--------+--------+--------+--------+--------+-----+--------+
         Total |   1242 |   1242 |      0 |      0 |    839 |   2 |  621.0 |
       Dungeon |   1242 |   1242 |      0 |      0 |    839 |   2 |  621.0 |
               +--------+--------+--------+--------+--------+-----+--------+

Top non-repeatable levels by time:
     D:1: 710 daAuts
     D:2: 531 daAuts
